 Dungeon Crawl Stone Soup version 0.31-a0-675-g238779eb0a (webtiles) character file.

Game seed: 2550917493551009131

3895 ytrimaz the Covert (level 10, 0/87 HPs)
             Began as an Octopode Shapeshifter on Sept 5, 2023.
             Was a Follower of Ashenzari.
             Succumbed to a killer bee's poison
             ... on level 8 of the Dungeon.
             The game lasted 00:11:13 (7232 turns).

ytrimaz the Covert (Octopode Shapeshifter)          Turns: 7232, Time: 00:11:13

Health: 0/87       AC:  1    Str: 14    XL:     10   Next: 20%
Magic:  19/19      EV: 17    Int: 12    God:    Ashenzari [*.....]
Gold:   488        SH:  0    Dex: 28    Spells: 9/9 levels left

rFire   + +          .
                       - Unarmed
rCold   . . .        (shield currently unavailable)
rNeg    . . .        (helmet restricted)
rPois   .            a - amulet of regeneration
rElec   .            n - ring of Democracy {rF+ Dex+6 Stlth-}
rCorr   .            r - ring of see invisible
SInv    +            p - +6 ring of dexterity
Will    .....        t - ring of the Lashed Sky {SInv, Fort, Range} (curse) Stlth
                     v - ring of Ashenzari's Urgency {Wiz, Bglg, Melee} (curse)
HPRegen 1.14/turn    g - ring of protection from fire
MPRegen 0.16/turn    q - ring of magical power
                     (no ring)

%: wizardry (x1)
@: berserking, lethally poisoned (0 -> 0), flux-form, glowing, studying Stealth,
very quick
A: glow, contaminating, almost no armour, amphibious, 8 rings, camouflage 1,
gelatinous body 1, (nimble swimmer 1), tentacles
a: Begin Untransformation, Renounce Religion, Shatter the Chains


You were on level 8 of the Dungeon.
You worshipped Ashenzari.
Ashenzari was aware of your devotion.
You were something dangerously unstable.
You visited 2 branches of the dungeon, and saw 9 of its levels.

You collected 488 gold pieces.


Innate Abilities, Weirdness & Mutations

You are something dangerously unstable.
You glow with magical radiation, making you easy to see and hit.
Foes you strike become dangerously contaminated with magical radiation.
You are incapable of wielding weapons or throwing items.
You cannot wear most types of armour.
You are amphibious.
You can wear up to eight rings at the same time.
Your skin changes colour to match your surroundings (Stealth+).
Your rubbery body absorbs attacks. (AC +1, EV +1)
((You are camouflaged when in or above water. (Stealth+)))
You have tentacles for arms and can constrict up to eight enemies at once.


   Skills:
 - Level 1.0 Fighting
 + Level 4.3 Dodging
 - Level 12.0 Stealth
 - Level 9.2(10.0) Unarmed Combat
 + Level 8.8 Shapeshifting


You had 9 spell levels left.
You didn't know any spells.
Your spell library contained the following spells:

 Spells                   Type           Power      Damage    Failure   Level
 Blink                    Tloc           0%         N/A       21%         2
 Lesser Beckoning         Tloc           0%         N/A       21%         2
 Momentum Strike          Conj/Tloc      0%         3d8       21%         2
 Wereblood                Tmut           0%         N/A       21%         2
 Portal Projectile        Hex/Tloc       0%         N/A       36%         3
 Summon Guardian Golem    Hex/Summ       0%         N/A       36%         3
 Tukima's Dance           Hex            0%         N/A       36%         3
 Iskenderun's Mystic Bla  Conj/Tloc      0%         2d3       75%         4
 Irradiate                Conj/Tmut      0%         3d11      97%         5
 Conjure Ball Lightning   Conj/Air       0%         3x3d6     100%        6
 Orb of Destruction       Conj           0%         9d5       100%        7
 Spellforged Servitor     Conj/Summ      0%         N/A       100%        7
 Discord                  Hex            0%         N/A       100%        8
 Disjunction              Tloc           0%         N/A       100%        8

Inventory:

Jewellery
 a - an amulet of regeneration (around mantle)
   (You found it on level 5 of the Dungeon)
 g - a ring of protection from fire (on tentacle)
   (You found it on level 6 of the Dungeon)
 n - the ring of Democracy (left tentacle) {rF+ Dex+6 Stlth-}
   (You found it on level 3 of the Dungeon)

   [ring of protection from fire]

   Dex+6:     It affects your dexterity (+6).
   rF+:       It protects you from fire.
   Stlth-:    It makes you less stealthy.
 p - a +6 ring of dexterity (on tentacle)
   (You took it off a kobold on level 3 of the Dungeon)
 q - a ring of magical power (on tentacle)
   (You found it on level 7 of the Dungeon)
 r - a ring of see invisible (right tentacle)
   (You found it on level 4 of the Dungeon)
 t - the cursed ring of the Lashed Sky (on tentacle) {SInv, Fort, Range}
   (You found it on level 4 of the Dungeon)

   [ring of see invisible]

   SInv:      It lets you see invisible.
   It has a curse which improves the following skills: Fortitude: Shields.
   Ranged Combat: Ranged Weapons and Throwing.
 v - the cursed ring of Ashenzari's Urgency (on tentacle) {Wiz, Bglg, Melee}
   (You found it on level 5 of the Dungeon)

   [ring of wizardry]

   Wiz:       It improves your spell success rate.
   It has a curse which improves the following skills: Beguiling: Conjurations,
   Hexes and Translocations.
   Melee Combat: Short Blades, Long Blades, Axes, Maces & Flails, Polearms,
   Staves and Unarmed Combat.
 B - the amulet of Elemental Vulnerability {rPois rF-- rC-- AC+8}
   (You found it on level 7 of the Dungeon)

   [amulet of nothing]

   AC+8:      It affects your AC (+8).
   rF--:      It makes you very vulnerable to fire.
   rC--:      It makes you very vulnerable to cold.
   rPois:     It protects you from poison
 C - an amulet of reflection
   (You found it on level 7 of the Dungeon)
Talismans
 b - a beast talisman
 c - a flux talisman (active)
Wands
 z - a wand of iceblast (10)
   (You found it on level 7 of the Dungeon)
Scrolls
 d - 7 scrolls of teleportation
 e - 2 scrolls of brand weapon
 f - 2 scrolls of fog
 j - 2 scrolls of poison
 k - 2 scrolls of revelation
 l - a scroll of fear
 m - 2 scrolls of immolation
 o - 4 scrolls of enchant weapon
 u - a scroll of amnesia
 y - a scroll of torment
 A - a scroll of blinking
Potions
 h - 2 potions of enlightenment
 i - 2 potions of degeneration
 s - a potion of attraction
 w - a potion of brilliance
 x - a potion of cancellation

Dungeon Overview and Level Annotations

Branches:
Dungeon (8/15) Zot: 26504  Temple (1/1) D:6 Zot: 5943
   Lair: D:8-11

Altars:
Ashenzari
Cheibriados
Dithmenos
Elyvilon
Fedhas
Gozag
Hepliaklqana
Kikubaaqudgha
Nemelex Xobeh
Okawaru
Qazlal
Ru
Sif Muna
Trog
Uskayaw
Vehumet
Wu Jian
Xom
Yredelemnul
Zin
The Shining One

Shops:
D:5 (   D:8 (

Annotations:
D:7 2 transporters, exclusion: oklob plant, Newt's ghost, novice GrFi

###.....#..≈≈.....≈≈..##....#
#.∩.....#......_..≈≈..##.##.#
(......#....#.............##.##.#
...#######..#...##........##.##..
.. ##...#..##..##...#.#..### .##
#...##...|..##...#.##.# # ...
#.#.###............##.# # #..
#.#....##.....##...##.# #.##
#....###B##.####...##.#
...###..#.# #y#..# #...##.#
#.#....#.###y..## ##)###.#
##...####.##...## ##..# #.###
##....####....#.# #..####....
#............##.# #.####..###
......#####...###.# #<###...#
###.#. )......# #.#####.#...#.#
#... #####..# #.........###.#


You could see 2 killer bees.


Message History

An orc is nearby!
Unknown command.
The orc closely misses you.
You tentacle-slap the orc.
The orc begins to glow.
You grab the orc. You squeeze the orc.
You kill the orc!
Unknown command.
No target in view!
Things that are here:
a staff of earth; a boomerang; a +0 chain mail
h - 2 potions of enlightenment (gained 1) Key pressed, stopping explore.
Key pressed, stopping explore.
A killer bee comes into view.
The killer bee buzzes angrily.
A killer bee is nearby!
A killer bee comes into view.
There are monsters nearby!
There are monsters nearby!
There are monsters nearby!
The killer bee completely misses you. The killer bee closely misses you.
The killer bee buzzes angrily.
You tentacle-slap the killer bee.
The killer bee begins to glow.
You grab the killer bee. You constrict the killer bee.
A killer bee comes into view.
The killer bee stings you! The killer bee stings you.
You are poisoned.
The killer bee poisons you! 😕 HP[-14]
You take 14 damage, and now have 44/58 hp.
MASSIVE DAMAGE!! (PAUSE)
You release your grip on the killer bee.
You feel sick. The killer bee stings you.
You are more poisoned.
The killer bee poisons you! 😮 HP[-6]
You take 6 damage, and now have 38/58 hp.
You feel very sick. The killer bee barely misses you.
The killer bee misses you. 😮 HP[-3]
You take 3 damage, and now have 35/58 hp.
You feel very sick.
The killer bee attacks as it pursues you!
The killer bee stings you!
* * * LOW HITPOINT WARNING * * *
The killer bee buzzes angrily. 😨 HP[-11]
You take 11 damage, and now have 24/58 hp.
Unknown command.
You feel very sick.
The killer bee attacks as it pursues you!
The killer bee closely misses you. x2 😨 HP[-2]
You take 2 damage, and now have 22/58 hp.
Unknown command.
You feel sick. The killer bee stings you!
* * * LOW HITPOINT WARNING * * *
You are more poisoned.
The killer bee poisons you! The killer bee misses you. 😱 HP[-11]
You take 11 damage, and now have 11/58 hp.
You feel better. The killer bee stings you!
* * * LOW HITPOINT WARNING * * *
The killer bee barely misses you. 😱 HP[-1]
You take 1 damage, and now have 10/58 hp.
A red film seems to cover your vision as you go berserk!
You feel yourself moving faster!
You feel mighty!
The killer bee stops glowing.
The killer bee misses you. The killer bee stings you.
* * * LOW HITPOINT WARNING * * *
You are poisoned.
The killer bee poisons you!
You now have 87 max hp (+29).
You tentacle-slap the killer bee but do no damage.
The killer bee begins to glow.
Your grab misses the killer bee. Your squeeze misses the killer bee.
You feel sick. The killer bee misses you. 😱 HP[-1]
You take 1 damage, and now have 9/87 hp.
You tentacle-slap the killer bee.
The killer bee glows dangerously bright.
You grab the killer bee. You squeeze the killer bee.
You constrict the killer bee, but do no damage.
You feel sick.
The killer bee closely misses you. 😱 HP[-1]
You take 1 damage, and now have 8/87 hp.
Unknown command.
You barely miss the killer bee. You squeeze the killer bee!
You constrict the killer bee, but do no damage.
You feel sick. The killer bee stings you!
* * * LOW HITPOINT WARNING * * *
😱 HP[-7]
You take 7 damage, and now have 1/87 hp.
You bludgeon the killer bee!
You kill the killer bee!
* * * LOW HITPOINT WARNING * * *
You feel sick.
Unknown command.
You miss the killer bee. You grab the killer bee.
You constrict the killer bee, but do no damage.
You die...

Skill      XL: |  1  2  3  4  5  6  7  8  9 10 |
---------------+-------------------------------+-----
Unarmed Combat | 4 5 6 7 9 |  9.2
Shapeshifting  | 4 5 6 7 8 |  8.8
Stealth        | 4 9 12 | 12.0
Dodging        | 3 4 |  4.3
Fighting       | |  1.0

Action                     |  1- 3 |  4- 6 |  7- 9 | 10-12 || total
---------------------------+-------+-------+-------+-------++-------
  Melee: Unarmed           |    62 |    54 |   184 |    48 ||   348
         Constrict         |    19 |    18 |    43 |    10 ||    90
         Tentacles         |    13 |     8 |    59 |     7 ||    87
         Punch             |     1 |     3 |    13 |     1 ||    18
 Invoke: Curse Item        |       |       |     2 |       ||     2
    Use: Scroll            |       |     1 |    10 |       ||    11
         Potion            |       |     1 |     8 |     3 ||    12
   Stab: Sleeping          |     2 |     7 |    20 |     1 ||    30
 Armour: Skin              |    21 |    28 |    83 |    65 ||   197
  Dodge: Dodged            |    37 |    29 |    80 |    28 ||   174
   Form: Flux              |       |       |     1 |     2 ||     3
         Beast             |       |       |     1 |     1 ||     2

Levels and vault maps discovered:
D:1:      wander_arrival_fairy_ring, layout_loops_ring,
          hellmonk_ecumenical_altar_arch_garden
D:2:      layout_basic, basic_altar, kennysheep_decorative_pillar
D:3:      layout_loops_corners, minmay_tree_intersection
D:4:      layout_loops_corners
D:5:      cheibrodos_thug_alley, layout_layer_cave, elyvilon_altar_3,
          serial_shops, shop, minmay_manual_mail
D:6:      layout_loops_ring, cheibriados_altar_1, kennysheep_mini_moat,
          amethyst_overflow_temple_binary, minmay_temple_entry_crystal_x,
          hangedman_glass_garden, uniq_edmund, uniq_duvessa
D:7:      minmay_the_grid_triangle_9x9_rhombus_full
          [minmay_the_grid_triangle_9x9_cache,
          minmay_the_grid_triangle_9x9_thin_v,
          minmay_the_grid_triangle_9x9_warning,
          minmay_the_grid_triangle_9x9_checkered,
          minmay_the_grid_triangle_9x9_sparse_checkered,
          minmay_the_grid_triangle_9x9_wacky_v,
          minmay_the_grid_triangle_9x9_semitri,
          minmay_the_grid_triangle_9x9_prize_schism], layout_cave_pods,
          kiku_gazebo_pond_becter, nzn_ghost_randoct, serial_column_ruins,
          column_ruins_grid_3, column_ruins_corridor_water, column_ruins_grid_1,
          column_ruins_columns_dead_end, column_ruins_open_large,
          column_ruins_open_tiny
D:8:      layout_rooms, nicolae_wu_jian_wuxing_cycle,
          nzn_hepliaklqana_mist_gate, serial_shops, shop
Temple:   oiseaux_autumnal_temple

Notes
Turn   | Place    | Note
-------+----------+-------------------------------------------
     0 | D:1      | ytrimaz the Octopode Shapeshifter began the quest for the
                  | Orb.
     0 | D:1      | Reached XP level 1. HP: 13/13 MP: 1/1
     0 | D:1      | magus.rc [v1.9.6]
   178 | D:1      | Reached XP level 2. HP: 13/18 MP: 2/2
   538 | D:1      | Found a faded altar of an unknown god.
   553 | D:1      | Reached XP level 3. HP: 20/23 MP: 3/3
   716 | D:2      | Found a hazy altar of Hepliaklqana.
   721 | D:2      | HP: 5/23 [worm (11)]
  1195 | D:3      | Identified the ring of Democracy {rF+ Dex+6 Stlth-}
  2091 | D:4      | Reached skill level 4 in Unarmed Combat
  2091 | D:4      | Reached XP level 4. HP: 24/28 MP: 4/4
  2093 | D:4      | Reached skill level 4 in Shapeshifting
  2333 | D:4      | You pick up a book of Chaos and begin reading...
  2333 | D:4      | You add the spells Conjure Ball Lightning, Disjunction and
                  | Discord to your library.
  2498 | D:4      | Reached XP level 5. HP: 31/33 MP: 5/5
  3126 | D:5      | Entered Level 5 of the Dungeon
  3139 | D:5      | Noticed a phantom
  3211 | D:5      | Reached skill level 5 in Unarmed Combat
  3230 | D:5      | Reached XP level 6. HP: 38/38 MP: 6/6
  3486 | D:5      | Reached skill level 5 in Shapeshifting
  3496 | D:5      | Noticed a wraith
  3510 | D:5      | Killed a wraith
  3511 | D:5      | Reached XP level 7. HP: 42/43 MP: 7/7
  3512 | D:5      | Reached skill level 6 in Unarmed Combat
  3542 | D:5      | Noticed a shadow
  3555 | D:5      | You pick up a book of Weapons and begin reading...
  3555 | D:5      | You add the spells Tukima's Dance, Portal Projectile and
                  | Iskenderun's Mystic Blast to your library.
  3559 | D:5      | Found Ymemuruj's Weapon Shoppe.
  3692 | D:5      | Reached skill level 1 in Stealth
  3697 | D:5      | Reached skill level 2 in Stealth
  3706 | D:5      | Reached skill level 3 in Stealth
  3706 | D:5      | Reached skill level 6 in Shapeshifting
  3905 | D:5      | Reached skill level 4 in Stealth
  3905 | D:5      | Reached XP level 8. HP: 21/48 MP: 8/8
  3910 | D:5      | Killed a shadow
  3911 | D:5      | Reached skill level 5 in Stealth
  4060 | D:5      | You pick up a book of Spatial Translocations and begin
                  | reading...
  4060 | D:5      | You add the spells Blink, Momentum Strike and Lesser
                  | Beckoning to your library.
  4185 | D:5      | Reached skill level 6 in Stealth
  4185 | D:5      | Reached skill level 7 in Unarmed Combat
  4452 | D:5      | You pick up a book of Changes and begin reading...
  4452 | D:5      | You add the spells Wereblood and Irradiate to your library.
  4725 | D:5      | Found a white marble altar of Elyvilon.
  4971 | D:6      | Noticed Edmund
  4998 | D:6      | Reached skill level 7 in Stealth
  5008 | D:6      | Killed Edmund
  5152 | D:6      | Reached skill level 8 in Stealth
  5235 | D:6      | Reached skill level 7 in Shapeshifting
  5297 | D:6      | Noticed Dowan
  5316 | D:6      | Found a staircase to the Ecumenical Temple.
  5327 | Temple   | Entered the Ecumenical Temple
  5336 | Temple   | Reached skill level 9 in Stealth
  5336 | Temple   | Reached XP level 9. HP: 53/53 MP: 9/9
  5360 | Temple   | Became a worshipper of Ashenzari the Shackled
  5426 | D:6      | Noticed Duvessa
  5488 | D:6      | Killed Duvessa
  5489 | D:6      | Reached skill level 10 in Stealth
  5489 | D:6      | Reached skill level 8 in Unarmed Combat
  5497 | D:6      | Killed Dowan
  5577 | D:6      | Found a stormy altar of Qazlal.
  5579 | D:6      | You pick up a book of Dangerous Friends and begin
                  | reading...
  5579 | D:6      | You add the spells Summon Guardian Golem, Orb of
                  | Destruction and Spellforged Servitor to your library.
  5586 | D:6      | Found a sacrificial altar of Ru.
  5784 | D:6      | Found a sparkling altar of Nemelex Xobeh.
  5810 | D:6      | Found a snail-covered altar of Cheibriados.
  5896 | D:7      | Found an ancient bone altar of Kikubaaqudgha.
  5933 | D:7      | Found a transporter.
  5942 | D:7      | Noticed Newt's ghost (novice GrFi)
  5943 | D:7      | Noticed a deep elf pyromancer
  5949 | D:7      | Found a transporter.
  5984 | D:7      | Reached skill level 11 in Stealth
  5986 | D:7      | HP: 12/50 [wight/+3 battleaxe (3)]
  6198 | D:7      | Noticed a kobold demonologist
  6199 | D:7      | Noticed a green ugly thing
  6342 | D:7      | Noticed an oklob plant
  6417 | D:7      | Reached skill level 8 in Shapeshifting
  6460 | D:7      | Found the amulet of Elemental Vulnerability {rPois rF--
                  | rC-- AC+8}
  6527 | D:7      | Reached * piety under Ashenzari
  6553 | D:7      | Reached skill level 12 in Stealth
  6667 | D:7      | Killed a kobold demonologist
  6668 | D:7      | Reached skill level 3 in Dodging
  6668 | D:7      | Reached skill level 9 in Unarmed Combat
  6734 | D:8      | Reached XP level 10. HP: 58/58 MP: 10/10
  6911 | D:8      | Reached skill level 4 in Dodging
  7081 | D:8      | Found an ornate altar of the Wu Jian Council.
  7154 | D:8      | Found Ocruod's Weapon Shop.
  7225 | D:8      | HP: 11/58 [killer bee (10)]
  7230 | D:8      | HP: 8/87 [poisoned by a killer bee]
  7230 | D:8      | HP: 1/87 [killer bee (7)]
  7232 | D:8      | Succumbed to a killer bee's poison

Vanquished Creatures
  A kobold demonologist (D:7)
  A wraith (D:5)
  A shadow (D:5)
  A vampire (D:8)
  A steam dragon (D:8)
  Edmund (D:6)
  Duvessa (D:6)
  2 water moccasins (D:7)
  3 orc warriors
  An ice beast (D:6)
  An ogre (D:6)
  2 phantoms
  2 centaurs
  A gnoll sergeant (D:7)
  2 kobold brigands
  A bullfrog (D:7)
  4 scorpions
  5 wights (D:7)
  Dowan (D:6)
  6 killer bees (D:8)
  4 howler monkeys
  2 jellies
  5 orc priests
  3 iguanas
  A sleepcap (D:7)
  5 orc wizards (D:6)
  9 adders
  4 gnolls (D:7)
  2 ufetubi
  A worm (D:2)
  4 dart slugs
  24 orcs
  3 bats
  7 endoplasms
  3 giant cockroaches
  5 goblins
  5 hobgoblins
  A quokka (D:4)
  4 ball pythons
  2 frilled lizards (D:1)
  16 kobolds
  6 rats
  2 butterflies (D:6)
156 creatures vanquished.

Table legend:
 A = Non-vault XP
 B = Vault XP
 C = Vault XP percentage of total XP
 D = Non-vault monster count
 E = Vault monster count
 F = Vault count percentage of total count
                 A         B        C        D         E       F
            +---------+---------+-------+---------+---------+-------
      Total |    3897 |    1668 |  30.0 |     134 |      20 |  13.0
            +---------+---------+-------+---------+---------+-------
        D:1 |      36 |       0 |   0.0 |      19 |       0 |   0.0
        D:2 |      28 |       0 |   0.0 |       7 |       0 |   0.0
        D:3 |      17 |       0 |   0.0 |      10 |       0 |   0.0
        D:4 |     174 |     136 |  43.9 |      16 |       1 |   5.9
        D:5 |     414 |     786 |  65.5 |      11 |      15 |  57.7
        D:6 |     884 |     382 |  30.2 |      31 |       3 |   8.8
        D:7 |    1200 |     364 |  23.3 |      21 |       1 |   4.5
        D:8 |    1041 |       0 |   0.0 |      18 |       0 |   0.0
     Temple |     103 |       0 |   0.0 |       1 |       0 |   0.0
            +---------+---------+-------+---------+---------+-------

Skill      XL: |  1  2  3  4  5  6  7  8  9 10 |
---------------+-------------------------------+-----
Unarmed Combat | 4 5 6 7 9 |  9.2
Shapeshifting  | 4 5 6 7 8 |  8.8
Stealth        | 4 9 12 | 12.0
Dodging        | 3 4 |  4.3
Fighting       | |  1.0

Action                     |  1- 3 |  4- 6 |  7- 9 | 10-12 || total
---------------------------+-------+-------+-------+-------++-------
  Melee: Unarmed           |    62 |    54 |   184 |    48 ||   348
         Constrict         |    19 |    18 |    43 |    10 ||    90
         Tentacles         |    13 |     8 |    59 |     7 ||    87
         Punch             |     1 |     3 |    13 |     1 ||    18
 Invoke: Curse Item        |       |       |     2 |       ||     2
    Use: Scroll            |       |     1 |    10 |       ||    11
         Potion            |       |     1 |     8 |     3 ||    12
   Stab: Sleeping          |     2 |     7 |    20 |     1 ||    30
 Armour: Skin              |    21 |    28 |    83 |    65 ||   197
  Dodge: Dodged            |    37 |    29 |    80 |    28 ||   174
   Form: Flux              |       |       |     1 |     2 ||     3
         Beast             |       |       |     1 |     1 ||     2

Illustrated notes

Table legend:
 A = Kills in this place as a percentage of kills in the entire game.
 B = Kills by you in this place as a percentage of kills by you in the entire game.
 C = Kills by friends in this place as a percentage of kills by friends in the entire game.
 D = Other kills in this place as a percentage of other kills in the entire game.
 E = Experience gained in this place as a percentage of experience gained in the entire game.
 F = Experience gained in this place divided by the number of levels of this place that you have seen.
                   A       B       C       D       E      F
               +-------+-------+-------+-------+-------+----------------------
         Total | 100.0 | 100.0 |   N/A |   N/A | 100.0 | 618.3
       Dungeon |  99.4 |  99.4 |   N/A |   N/A |  98.1 | 682.8
        Temple |   0.6 |   0.6 |   N/A |   N/A |   1.9 | 103.0
               +-------+-------+-------+-------+-------+----------------------

Table legend: (Time is in decaauts)
 A = Elapsed time spent in this place.
 B = Non-inter-level travel time spent in this place.
 C = Inter-level travel time spent in this place.
 D = Time resting spent in this place.
 E = Time spent auto-exploring this place.
 F = Levels seen in this place.
 G = Mean time per level.
                   A        B        C        D        E       F      G
               +--------+--------+--------+--------+--------+-----+--------+
         Total |   7202 |   7021 |    181 |    296 |   5298 |   9 |  800.2 |
       Dungeon |   7145 |   7002 |    143 |    296 |   5298 |   8 |  893.1 |
        Temple |     56 |     18 |     38 |      0 |      0 |   1 |   56.0 |
               +--------+--------+--------+--------+--------+-----+--------+

Top non-repeatable levels by time:
     D:5: 1728 daAuts
     D:4: 1135 daAuts
     D:3: 909 daAuts
     D:6: 867 daAuts
     D:7: 839 daAuts
     D:1: 620 daAuts
     D:2: 549 daAuts
     D:8: 495 daAuts
  Temple: 56 daAuts
